 Dungeon Crawl Stone Soup version 0.30-b1-2-g02819fbbbe (webtiles) character file.

Game seed: 3413918325726320401

624 hadoken the Slasher (level 7, -9/62 HPs)
             Began as a Naga Warper on May 19, 2023.
             Mangled by a sleepcap (20 damage)
             ... on level 4 of the Dungeon.
             The game lasted 00:11:48 (4871 turns).

hadoken the Slasher (Naga Warper)                   Turns: 4871, Time: 00:11:48

Health: -9/62      AC:  6    Str: 12    XL:     7   Next: 47%
Magic:  10/10      EV:  1    Int: 17    God:
Gold:   241        SH:  0    Dex: 12    Spells: 6/10 levels left

rFire   . . .        m - +0 scimitar
rCold   . . .        (no shield)
rNeg    . . .        r - +0 ring mail
rPois   +            x - +0 helmet
rElec   .            (no cloak)
rCorr   .            (no gloves)
SInv    +            (no barding)
Will    .....        (no amulet)
Stlth   +            (no ring)
HPRegen 0.30/turn    (no ring)
MPRegen 0.12/turn

%: no passive effects
@: sleeping, very slow
A: AC +2, large, see invisible, deformed body, poison resistance, slowness 2,
spit poison 1, naga tail 1, clever 1
a: Spit Poison


You were on level 4 of the Dungeon.
You visited 1 branch of the dungeon, and saw 5 of its levels.

You collected 241 gold pieces.

Inventory:

Hand Weapons
 a - a +0 falchion
 j - a +0 dagger
 m - a +0 scimitar (weapon)
Missiles
 d - 3 boomerangs of dispersal
Armour
 b - a +0 leather armour
 f - a +1 hat
 r - a +0 ring mail (worn)
 x - a +0 helmet (worn)
Jewellery
 l - a +4 ring of protection
 n - an amulet of reflection
Wands
 k - a wand of quicksilver (10)
Scrolls
 c - 2 scrolls of blinking
 e - a scroll of fog
 h - a scroll of teleportation
 i - a scroll of immolation {unknown}
 o - a scroll of vulnerability {unknown}
 p - 2 scrolls of poison {unknown}
 q - a scroll of enchant armour {unknown}
 w - a scroll of fear {unknown}
 y - 3 scrolls of enchant weapon {unknown}
Potions
 g - a potion of degeneration
 t - a potion of attraction
 u - a potion of mutation
 v - a potion of might {unknown}


   Skills:
 - Level 3.0 Fighting
 + Level 7.3 Long Blades
 - Level 0.8 Throwing
 - Level 0.7 Armour
 - Level 1.5 Dodging
 - Level 2.0 Spellcasting
 - Level 3.8 Translocations


You had 6 spell levels left.
You knew the following spells:

 Your Spells              Type           Power      Damage    Failure   Level
a - Blink                 Tloc           28%        N/A       14%         2
b - Lesser Beckoning      Tloc           28%        N/A       14%         2

Your spell library contained the following spells:

 Spells                   Type           Power      Damage    Failure   Level
 Teleport Other           Tloc           14%        N/A       26%         3
 Vhi's Electric Charge    Tloc/Air       16%        N/A       52%         3
 Cigotuvi's Dreadful Rot  Necr/Pois/Air  2%         N/A       54%         2
 Manifold Assault         Tloc           14%        N/A       65%         4
 Ignite Poison            Fire/Tmut/Pois 1%         N/A       78%         3
 Petrify                  Tmut/Erth      1%         N/A       99%         4
 Freezing Cloud           Conj/Ice/Air   0%         6-21      100%        5
 Metabolic Englaciation   Hex/Ice        0%         N/A       100%        5
 Statue Form              Tmut/Erth      0%         N/A       100%        6


Dungeon Overview and Level Annotations

Branches:
Dungeon (5/15)
 Temple: D:4-7

Altars:

Annotations:
D:4 Sigmund


Innate Abilities, Weirdness & Mutations

Your serpentine skin is tough. (AC +2)
You have supernaturally acute eyesight. (SInv)
Armour fits poorly on your strangely shaped body.
Your system is resistant to poisons. (rPois)
You cover ground very slowly.
You can spit poison.
You have a snake-like lower body.
Your mind is acute. (Int +4, Str/Dex -1)


Message History

The sleepcap is almost destroyed.
The sleepcap releases spores at you.
You are engulfed in a cloud of soporific spores!
You fall asleep.
The sleepcap releases spores at you but does no damage. x2
The sleepcap releases spores at you!
You wake up.
* * * LOW HITPOINT WARNING * * *
You are engulfed in a cloud of soporific spores!
You are unaffected.
You hit the sleepcap but do no damage.
The sleepcap is almost destroyed.
The sleepcap barely misses you.
You hit the sleepcap.
The sleepcap is almost destroyed.
The sleepcap barely misses you.
Unknown command.
You hit the sleepcap but do no damage.
The sleepcap is almost destroyed.
The sleepcap releases spores at you.
* * * LOW HITPOINT WARNING * * *
You are engulfed in a cloud of soporific spores!
You are unaffected.
You completely miss the sleepcap.
The sleepcap is almost destroyed.
The sleepcap releases spores at you.
* * * LOW HITPOINT WARNING * * *
You hit the sleepcap but do no damage.
The sleepcap is almost destroyed.
The sleepcap barely misses you.
You hit the sleepcap but do no damage.
The sleepcap is almost destroyed.
The sleepcap releases spores at you but does no damage.
You hit the sleepcap.
The sleepcap is almost destroyed.
The sleepcap closely misses you. The sleepcap releases spores at you.
* * * LOW HITPOINT WARNING * * *
You are engulfed in a cloud of soporific spores!
You fall asleep.
The sleepcap releases spores at you!!
You die...

#### ..# #
#.# #. #@#
#.#..######f#
.........##.#
..........?.#
....####.####
. #.# #.#
#.########
#........#


You could see a sleepcap.

Vanquished Creatures
  An orc warrior (D:4)
  2 scorpions
  A howler monkey (D:4)
  A jelly (D:5)
  2 sleepcaps
  An iguana (D:4)
  3 orc wizards (D:5)
  3 gnolls (D:2)
  6 adders
  2 river rats (D:3)
  A shadow imp (D:4)
  A worm (D:4)
  2 dart slugs (D:2)
  4 orcs
  5 endoplasms
  6 goblins
  5 hobgoblins
  8 kobolds
  4 quokkas
  7 ball pythons
  6 bats
  14 frilled lizards
  8 rats
93 creatures vanquished.

Vanquished Creatures (others)
  5 plants (D:1)
5 creatures vanquished.

Grand Total: 98 creatures vanquished

Notes
Turn   | Place    | Note
-------+----------+-------------------------------------------
     0 | D:1      | hadoken the Naga Warper began the quest for the Orb.
     0 | D:1      | Reached XP level 1. HP: 19/19 MP: 3/3
   138 | D:1      | Reached XP level 2. HP: 26/26 MP: 5/5
   443 | D:1      | Reached XP level 3. HP: 22/33 MP: 6/6
   784 | D:2      | Learned a level 2 spell: Blink
  1292 | D:2      | Learned a level 2 spell: Lesser Beckoning
  1349 | D:2      | Reached skill level 3 in Long Blades
  1349 | D:2      | Reached XP level 4. HP: 40/40 MP: 7/7
  2126 | D:3      | Reached XP level 5. HP: 49/49 MP: 8/8
  2720 | D:4      | Reached skill level 4 in Long Blades
  3003 | D:4      | Reached skill level 5 in Long Blades
  3003 | D:4      | Reached XP level 6. HP: 36/56 MP: 9/9
  3080 | D:4      | Noticed Sigmund
  3084 | D:4      | Gained mutation: Your mind is acute. (Int +4, Str/Dex -1)
                  | [potion of mutation]
  3557 | D:5      | Entered Level 5 of the Dungeon
  3571 | D:4      | HP: 1/56 [shadow imp (4)]
  3779 | D:5      | HP: 2/56 [sleepcap (17)]
  4123 | D:5      | Reached skill level 6 in Long Blades
  4416 | D:5      | Reached XP level 7. HP: 61/62 MP: 8/10
  4466 | D:4      | HP: 3/62 [orc warrior/+0 scimitar (12)]
  4478 | D:4      | Reached skill level 7 in Long Blades
  4871 | D:4      | Mangled by a sleepcap

Illustrated notes

Levels and vault maps discovered:
D:1:      saegor_arrival_simple_b, layout_rooms, hangedman_glass_teeth,
          hangedman_decor_points, minmay_lizard_king
D:2:      layout_basic, chequers_serial_rivers_large_b
D:3:      layout_loops_ring, portal_sewer_entry_b
D:4:      layout_loops_corners, abandoned_shop,
          nicolae_concentric_dashed_squares_mild, uniq_sigmund
D:5:      layout_cave_pools, uniq_prince_ribbit1, uniq_ijyb

Skill      XL: |  1  2  3  4  5  6  7 |
---------------+----------------------+-----
Long Blades    | 3 5 6 7 |  7.3
Fighting       | 3 |  3.0
Throwing       | |  0.8
Armour         | |  0.7
Dodging        | |  1.5
Spellcasting   | |  2.0
Translocations | |  3.8

Action                     |  1- 3 |  4- 6 |  7- 9 || total
---------------------------+-------+-------+-------++-------
  Melee: Falchion          |   138 |   205 |     4 ||   347
         Punch             |     1 |     1 |       ||     2
         Scimitar          |       |       |    34 ||    34
  Throw: Boomerang         |     1 |     3 |       ||     4
   Cast: Blink             |     1 |     5 |     1 ||     7
         Lesser Beckoning  |       |     2 |       ||     2
Ability: Spit Poison       |     6 |    36 |     5 ||    47
  Evoke: Wand              |       |     1 |     4 ||     5
    Use: Scroll            |     1 |     6 |       ||     7
         Potion            |       |     3 |     1 ||     4
   Stab: Sleeping          |     1 |       |       ||     1
 Armour: Leather armour    |    34 |     4 |       ||    38
         Ring mail         |       |    92 |    24 ||   116
  Dodge: Dodged            |    67 |    88 |    21 ||   176
